 Dungeon Crawl Stone Soup version 0.28.0 (webtiles) character file.

Game seed: 5776853582892538068

550 dualclasshuman the Shield-Bearer (level 7, -5/60 HPs)
             Began as a Gnoll Fighter on Feb 15, 2022.
             Slain by Menkaure (18 damage)
             ... on level 4 of the Dungeon.
             The game lasted 00:10:16 (5023 turns).

dualclasshuman the Shield-Bearer (Gnoll Fighter)    Turns: 5023, Time: 00:10:16

Health: -5/60      AC:  9    Str: 16    XL:     7   Next: 29%
Magic:  10/10      EV: 10    Int:  7    God:
Gold:   37         SH:  5    Dex: 13    Spells: 10/10 levels left

rFire   + . .      SeeInvis .   t - staff of fire
rCold   . . .      Faith    .   c - +0 buckler
rNeg    . . .      Spirit   .   b - +0 scale mail
rPois   .          Reflect  .   (no helmet)
rElec   .          Harm     .   (no cloak)
rCorr   .          Rampage  .   (no gloves)
Will    .....                   (no boots)
Stlth   +.........              (no amulet)
HPRegen 0.20/turn               (no ring)
MPRegen 0.12/turn               (no ring)

@: no status effects
A: fangs 1, strong nose, distributed training, talons 1, iridescent scales 1
a: no special abilities


You were on level 4 of the Dungeon.
You visited 1 branch of the dungeon, and saw 4 of its levels.

You collected 180 gold pieces.
You spent 143 gold pieces at shops.

Inventory:

Hand Weapons
 a - a +0 long sword
 k - a +2 dagger of holy wrath
 n - a +2 dagger of venom
Missiles
 e - 6 poisoned darts (quivered)
 j - 2 javelins
Armour
 b - a +0 scale mail (worn)
 c - a +0 buckler (worn)
 m - a +0 plate armour
Magical Staves
 t - a staff of fire (weapon)
Jewellery
 u - a +4 ring of protection
Wands
 p - a wand of flame (7)
 r - a wand of iceblast (12)
Scrolls
 g - a scroll of blinking
 i - 2 scrolls of identify
 o - a scroll of teleportation {unknown}
Potions
 d - a potion of might
 f - a potion of invisibility
 h - a potion of heal wounds
 l - a potion of curing
 q - a potion of flight
 s - a potion of brilliance {unknown}


   Skills:
 + Level 7.0 Fighting
 + Level 2.3 Short Blades
 + Level 5.2 Long Blades
 + Level 2.3 Axes
 + Level 2.3 Maces & Flails
 + Level 2.3 Polearms
 + Level 2.3 Staves
 + Level 2.3 Slings
 + Level 2.3 Bows
 + Level 2.3 Crossbows
 + Level 2.3 Throwing
 + Level 7.0 Armour
 + Level 2.3 Dodging
 + Level 2.3 Stealth
 + Level 7.0 Shields
 + Level 2.3 Unarmed Combat
 + Level 2.3 Spellcasting
 + Level 1.9 Conjurations
 + Level 1.9 Hexes
 + Level 1.9 Summonings
 + Level 1.9 Necromancy
 + Level 1.9 Translocations
 + Level 1.9 Transmutations
 + Level 1.9 Fire Magic
 + Level 1.9 Ice Magic
 + Level 1.9 Air Magic
 + Level 1.9 Earth Magic
 + Level 1.9 Poison Magic
 + Level 2.6 Invocations
 + Level 2.3 Evocations


You had 10 spell levels left.
You didn't know any spells.
Your spell library contained the following spells:

 Spells                   Type           Power      Damage    Failure   Level
 Apportation              Tloc           6%         N/A       54%         1
 Alistair's Intoxication  Tmut/Pois      2%         N/A       100%        5


Dungeon Overview and Level Annotations

Branches:
Dungeon (4/15)
 Temple: D:4-7

Altars:

Shops:
D:1 !

Annotations:
D:4 2 transporters, Menkaure; browni3141's ghost, amateur MiBe


Innate Abilities, Weirdness & Mutations

You have very sharp teeth.
Your uncanny sense of smell can sniff out nearby items.
Your experience applies equally to all skills.
You have sharp toenails.
You are partially covered in iridescent scales. (AC +2)


Message History

Found a stone staircase leading down.
Found a hand axe.
You see here a +0 hand axe.
You see here a +0 hand axe.
You open the door.
Menkaure, Prince of Dust comes into view.
Menkaure gestures wildly while chanting.
Menkaure seems to speed up.
You hit Menkaure but do no damage. Your kick misses Menkaure.
You bite Menkaure, but do no damage. Menkaure closely misses you.
Menkaure completely misses you.
You hit Menkaure. Your kick misses Menkaure.
Menkaure is lightly damaged.
Menkaure barely misses you.
You hit Menkaure but do no damage.
Menkaure is lightly damaged.
Menkaure hits you!
You barely miss Menkaure. You claw Menkaure.
Menkaure is moderately damaged.
You block Menkaure's attack. Menkaure barely misses you.
You hit Menkaure but do no damage. You burn Menkaure. You claw Menkaure.
Menkaure is heavily damaged.
Menkaure hits you!!
You feel better.
Menkaure points at you and mumbles some strange words.
You struggle to resist.
You hit Menkaure but do no damage.
Menkaure is heavily damaged.
Menkaure hits you!!
* * * LOW HITPOINT WARNING * * *
You barely miss Menkaure. You claw Menkaure, but do no damage.
You bite Menkaure, but do no damage.
Menkaure is heavily damaged.
Menkaure hits you.
* * * LOW HITPOINT WARNING * * *
Menkaure closely misses you.
You hit Menkaure.
Menkaure is heavily damaged.
Menkaure hits you!!
You die...

#.#.#......... .#
#.#.#.#..†..... #.#
#.#.#.#.#.#.#.#. .#.#
#.#.#.#.#.#.#.#..
#.#.#.#.#.#.#.#.#.#.#.#.
#.#.#.#.#.#.#.#.#.#.#..
#.#.#.#+#.#.#.#.#.#.#.
∆#.#.M...#.#.#.#†#†#.#
.#.#@...+#(#.#.#.#.#.
#.#.....#.#.#.#.#.#.#
#.#....+#.#.#.#.#.#. ∆
#.#.....#.#.#.#.#.^.#
####....#########...#
.....................
#################...#
#...# #....


You could see Menkaure (fast).

Vanquished Creatures
  Grinder (D:3)
  A phantom (D:3)
  An orc priest (D:3)
  An iguana (D:4)
  Natasha (thrice) (D:2)
  An orc wizard (D:3)
  4 adders
  A worm (D:2)
  2 dart slugs (D:4)
  3 orcs
  6 ball pythons
  7 endoplasms
  5 goblins
  8 hobgoblins
  2 quokkas
  13 bats
  5 frilled lizards
  14 kobolds
  3 rats
81 creatures vanquished.

Vanquished Creatures (others)
  A plant (D:2)
1 creature vanquished.

Grand Total: 82 creatures vanquished

Notes
Turn   | Place    | Note
-------+----------+-------------------------------------------
     0 | D:1      | dualclasshuman the Gnoll Fighter began the quest for the
                  | Orb.
     0 | D:1      | Reached XP level 1. HP: 23/23 MP: 1/1
   174 | D:1      | Found a faded altar of an unknown god.
   226 | D:1      | Reached XP level 2. HP: 20/29 MP: 2/2
   549 | D:1      | Found Daeloikk's Distillery.
   583 | D:1      | Reached XP level 3. HP: 31/35 MP: 3/3
  1398 | D:2      | Reached skill level 1 in Invocations
  1676 | D:2      | Noticed Natasha
  1698 | D:2      | Killed Natasha
  1699 | D:2      | Reached skill level 1 in Short Blades
  1699 | D:2      | Reached skill level 1 in Axes
  1699 | D:2      | Reached skill level 1 in Maces & Flails
  1699 | D:2      | Reached skill level 1 in Polearms
  1699 | D:2      | Reached skill level 1 in Staves
  1699 | D:2      | Reached skill level 1 in Slings
  1699 | D:2      | Reached skill level 1 in Bows
  1699 | D:2      | Reached skill level 1 in Crossbows
  1699 | D:2      | Reached skill level 1 in Throwing
  1699 | D:2      | Reached skill level 1 in Dodging
  1699 | D:2      | Reached skill level 1 in Stealth
  1699 | D:2      | Reached skill level 1 in Unarmed Combat
  1699 | D:2      | Reached skill level 1 in Spellcasting
  1699 | D:2      | Reached skill level 1 in Evocations
  1699 | D:2      | Reached XP level 4. HP: 7/41 MP: 5/5
  2268 | D:2      | Noticed Natasha
  2285 | D:2      | Killed Natasha
  2286 | D:2      | Reached skill level 1 in Conjurations
  2286 | D:2      | Reached skill level 1 in Hexes
  2286 | D:2      | Reached skill level 1 in Summonings
  2286 | D:2      | Reached skill level 1 in Necromancy
  2286 | D:2      | Reached skill level 1 in Translocations
  2286 | D:2      | Reached skill level 1 in Transmutations
  2286 | D:2      | Reached skill level 1 in Fire Magic
  2286 | D:2      | Reached skill level 1 in Ice Magic
  2286 | D:2      | Reached skill level 1 in Air Magic
  2286 | D:2      | Reached skill level 1 in Earth Magic
  2286 | D:2      | Reached skill level 1 in Poison Magic
  2327 | D:2      | Noticed Natasha
  2361 | D:2      | Killed Natasha
  2362 | D:2      | Reached XP level 5. HP: 13/47 MP: 6/6
  2826 | D:1      | Bought a potion of heal wounds for 65 gold pieces
  2991 | D:3      | Noticed a phantom
  3007 | D:3      | Killed a phantom
  3211 | D:3      | Reached XP level 6. HP: 35/53 MP: 8/8
  3755 | D:3      | Noticed Grinder
  3770 | D:3      | Paralysed by Grinder for 3 turns
  3776 | D:3      | Gained mutation: You are partially covered in iridescent
                  | scales. (AC +2) [potion of mutation]
  3776 | D:3      | Gained mutation: You have sharp toenails. [potion of
                  | mutation]
  3790 | D:3      | Killed Grinder
  3791 | D:3      | Reached skill level 5 in Long Blades
  3791 | D:3      | Reached XP level 7. HP: 33/60 MP: 8/10
  4627 | D:1      | Bought a potion of curing for 39 gold pieces
  4627 | D:1      | Bought a potion of curing for 39 gold pieces
  4669 | D:4      | Noticed browni3141's ghost (amateur MiBe)
  4669 | D:4      | Found a transporter.
  4716 | D:4      | Found a transporter.
  5011 | D:4      | Noticed Menkaure
  5023 | D:4      | Slain by Menkaure

Illustrated notes

Levels and vault maps discovered:
D:1:      kennysheep_arrival_forest, layout_basic, basic_ecumenical_altar,
          serial_shops, shop, minivault_14, hex_tiny
D:2:      minmay_kobold_bridge, layout_loops_corners, guppyfry_early_lair_pool,
          uniq_natasha
D:3:      minmay_general_purpose_star, layout_loops_ring, uniq_grinder
D:4:      layout_basic, gammafunk_ghost_arena, uniq_menkaure

Skill      XL: |  1  2  3  4  5  6 |
---------------+-------------------+-----
Invocations    | 1 2 |  2.6
Short Blades   | 1 2 |  2.3
Axes           | 1 2 |  2.3
Maces & Flails | 1 2 |  2.3
Polearms       | 1 2 |  2.3
Staves         | 1 2 |  2.3
Slings         | 1 2 |  2.3
Bows           | 1 2 |  2.3
Crossbows      | 1 2 |  2.3
Throwing       | 1 2 |  2.3
Dodging        | 1 2 |  2.3
Stealth        | 1 2 |  2.3
Unarmed Combat | 1 2 |  2.3
Spellcasting   | 1 2 |  2.3
Evocations     | 1 2 |  2.3
Conjurations   | 1 |  1.9
Hexes          | 1 |  1.9
Summonings     | 1 |  1.9
Necromancy     | 1 |  1.9
Translocations | 1 |  1.9
Transmutations | 1 |  1.9
Fire Magic     | 1 |  1.9
Ice Magic      | 1 |  1.9
Air Magic      | 1 |  1.9
Earth Magic    | 1 |  1.9
Poison Magic   | 1 |  1.9
Fighting       | 7 |  7.0
Long Blades    | 5 |  5.2
Armour         | 7 |  7.0
Shields        | 7 |  7.0

Action                   |  1- 3 |  4- 6 |  7- 9 || total
-------------------------+-------+-------+-------++-------
Melee: Long sword        |    42 |       |       ||    42
       Bite              |    15 |    25 |    11 ||    51
       Dagger            |    93 |   153 |    64 ||   310
       Kick              |       |     6 |    21 ||    27
       Staff             |       |       |     8 ||     8
Throw: Javelin           |       |     2 |       ||     2
  Use: Scroll            |     3 |     5 |       ||     8
       Potion            |     2 |     4 |     2 ||     8
Armor: Scale mail        |    70 |    45 |    19 ||   134
Dodge: Dodged            |    65 |    47 |    22 ||   134
Block: Buckler           |    33 |    40 |     7 ||    80
